AoeStats
← sommarG

Arabia

505053708Analyzed
2v2 RM · 25d ago on Sep 7, 2026· 42m 51s· 4 players
Game mode
Random Map
Map size
Medium (4 player)
Population
200
Speed
Normal
Resources
Standard
Victory
Conquest
Starting age
Dark Age
Ending age
Imperial Age
RankedLock teamsTeams togetherTeam positionsShared explorationLock speedFull tech treeHidden civsTurbo modeCheats
Victory
Defeat
🇦🇷 Persians · Argentina
1065
+15
🇺🇸 Ethiopians · United States
1045
+16
🇸🇪 Magyars · Sweden
1054
-16
🇸🇪 Vikings · Sweden
1040
-15
Sayri89
10:11 Feudal Age
15:44 Castle Age
14:58 Double-Bit Axe
14:55 Horse Collar
16:11 Loom
25:27 Scale Mail Armor
25:48 Arson
26:19 Squires
26:37 Forging
31:40 Chain Mail Armor
32:10 Fletching
42:52 Padded Archer Armor
43:35 Bow Saw
Jojo
7:11 Loom
10:57 Feudal Age
19:28 Castle Age
18:41 Horse Collar
23:35 Town Watch
23:58 Double-Bit Axe
25:01 Forging
26:36 Scale Barding Armor
28:34 Fletching
30:07 Bodkin Arrow
31:15 Wheelbarrow
30:40 Town Patrol
32:38 Parthian Tactics
32:37 Padded Archer Armor
33:13 Ballistics
34:20 Hand Cart
34:15 Husbandry
35:45 Heavy Plow
35:47 Gold Mining
36:24 Kamandaran
40:45 Imperial Age
38:26 Crossbowman
40:22 Gold Shaft Mining
42:25 Iron Casting
43:24 Chemistry
42:52 Chain Barding Armor
42:45 Bow Saw
42:33 Stone Mining
sommarG
4:26 Loom
9:54 Feudal Age
10:59 Man-at-Arms
13:30 Arson
14:03 Double-Bit Axe
21:09 Castle Age
22:36 Long Swordsman
23:01 Gambesons
23:17 Squires
23:36 Forging
23:27 Scale Mail Armor
24:34 Bow Saw
26:26 Town Watch
36:56 Fletching
37:06 Padded Archer Armor
37:30 Crossbowman
38:01 Elite Skirmisher
39:31 Bodkin Arrow
39:52 Leather Archer Armor
45:03 Imperial Age
Clubmate
3:28 Loom
9:57 Feudal Age
10:34 Double-Bit Axe
13:33 Town Watch
14:38 Horse Collar
16:36 Wheelbarrow
22:23 Castle Age
21:01 Scale Barding Armor
21:12 Bloodlines
21:39 Gold Mining
23:11 Husbandry
29:35 Gold Shaft Mining
34:48 Bow Saw
Connection lost

Rejoining the realm…

Still unreachable

The connection could not be restored.

Session expired

The server has moved on; the page needs a fresh start.